 Dungeon Crawl Stone Soup version 0.21-a0-471-gd587bd5 (webtiles) character file.

5895 Laiders the Cleaver (level 10, -1/88 HPs)
             Began as a Minotaur Berserker on Nov 21, 2017.
             Was an Elder of Trog.
             Slain by an orc warrior
             ... wielding a +0 flail
              (8 damage)
             ... on level 10 of the Dungeon.
             The game lasted 00:22:52 (7855 turns).

Laiders the Cleaver (Minotaur Berserker)            Turns: 7855, Time: 00:22:53

Health: -1/88      AC: 13    Str: 29    XL:     10   Next: 53%
Magic:  9/9        EV: 12    Int:  5    God:    Trog [****..]
Gold:   358        SH:  0    Dex: 10    Spells: 9/9 levels left

rFire    + . .     SeeInvis +   B - +0 battleaxe
rCold    . . .     Gourm    .   (shield currently unavailable)
rNeg     . . .     Faith    .   r - +1 chain mail {rF+}
rPois    .         Spirit   .   I - +2 hat {SInv}
rElec    .         Reflect  .   (no cloak)
rCorr    .         Harm     .   (no gloves)
MR       .....                  (no boots)
Stlth    ..........             (no amulet)
HPRegen  0.24/turn              (no ring)
MPRegen  0.11/turn              (no ring)

@: mighty, berserk cooldown, slowed, very slow
A: retaliatory headbutt, horns 2
a: Berserk, Trog's Hand, Brothers in Arms, Burn Spellbooks, Renounce Religion


You were on level 10 of the Dungeon.
You worshipped Trog.
Trog was greatly pleased with you.
You were near starving.

You visited 1 branch of the dungeon, and saw 10 of its levels.

You collected 501 gold pieces.
You spent 143 gold pieces at shops.

Inventory:

Hand Weapons
 w - a +0 war axe
 B - a +0 battleaxe (weapon)
Missiles
 x - 7 tomahawks (quivered)
 G - a throwing net
Armour
 r - a +1 chain mail of fire resistance (worn)
 I - a +2 hat of see invisible (worn)
Wands
 a - a wand of iceblast (9)
 l - a wand of digging (5)
 m - a wand of scattershot (5)
Scrolls
 g - 4 scrolls of teleportation
 n - a scroll of acquirement {unknown}
 p - a scroll of enchant armour {unknown}
 v - a scroll of noise {unknown}
 y - a scroll of blinking {unknown}
 z - a scroll of holy word {unknown}
 A - 2 scrolls of immolation {unknown}
 C - 3 scrolls of remove curse
 F - a scroll of identify
 H - a scroll of amnesia {unknown}
Potions
 d - 2 potions of resistance
 e - a potion of lignification {unknown}
 f - 3 potions of flight
 h - 3 potions of magic
 i - a potion of mutation {unknown}
 o - 2 potions of curing
 s - a potion of haste {unknown}
 u - 2 potions of brilliance {unknown}
 D - 2 potions of degeneration {unknown}
Miscellaneous
 E - a lamp of fire
Comestibles
 c - 4 bread rations
 j - 6 meat rations
 k - 2 fruits
 q - a royal jelly


   Skills:
 + Level 8.2 Fighting
 - Level 14.0 Axes
 + Level 7.6 Armour
 + Level 7.0 Dodging


You had 9 spell levels left.
You didn't know any spells.

Dungeon Overview and Level Annotations

Branches:
Dungeon (10/15)            Temple (0/1) D:6            Lair (0/6) D:8
    Orc (0/2) D:10

Altars:
Ashenzari
Dithmenos
Fedhas
Hepliaklqana
Nemelex Xobeh
Okawaru
Qazlal
Sif Muna
Uskayaw
Beogh

Shops:
D:6 (   D:7 (


Innate Abilities, Weirdness & Mutations

You reflexively headbutt those who attack you in melee.
You have a pair of horns on your head.


Message History

The orc warrior is engulfed in a cloud of scalding steam.
The orc warrior completely misses you.
Things that are here:
a war axe; a scale mail You feel better.
The orc warrior closely misses you.
You feel very mighty all of a sudden. The orc warrior hits you with a flail.
You closely miss the orc warrior. Your headbutt misses the orc warrior.
The orc warrior is moderately wounded.
The orc warrior hits you with a flail!
* * * LOW HITPOINT WARNING * * *
You closely miss the orc warrior.
The orc warrior is moderately wounded.
The orc warrior closely misses you. You furiously retaliate!
You headbutt the orc warrior.
The orc priest invokes the aid of Beogh against you.
Beogh smites you!
* * * LOW HITPOINT WARNING * * *
The orc warrior hits you with a flail!
You die...

#..............
#..............
#..............
####..............
...'.<............
####..............
#.................
#.###############'
#@# #.
#######o#### #.
......Doo..# ##.
8#####8o8### #..


.ooooo# ##.# ...oooo.# #..# ⌠.._..oo..# ##.## ..........# ##..# ...>......#
####..## You could see a steam dragon, 3 orc warriors, an orc priest and 11
orcs.

Vanquished Creatures
  A two-headed ogre (D:8)
  Psyche (D:8)
  2 trolls (D:9)
  2 hornets
  A hippogriff (D:6)
  3 orc warriors
  An ice beast (D:7)
  An eye of draining (D:9)
  4 ogres
  A necrophage (D:9)
  A centaur (D:9)
  3 bullfrogs
  A wyvern skeleton (D:9)
  2 scorpions
  A crimson imp (D:5)
  A centaur zombie (D:7)
  A quasit (D:7)
  2 jellies
  2 orc priests
  2 centaur skeletons
  5 hounds
  7 orc wizards
  A bullfrog skeleton (D:6)
  An iguana (D:7)
  4 worker ants
  A killer bee zombie (D:5)
  A worker ant zombie (D:9)
  4 gnolls (D:9)
  A howler monkey skeleton (D:6)
  A howler monkey zombie (D:9)
  6 adders
  A shadow imp (D:9)
  An ooze (D:7)
  An adder zombie (D:9)
  An adder skeleton (D:5)
  4 worms
  2 dart slugs (D:1)
  3 leopard geckos
  31 orcs
  8 bats
  4 giant cockroaches
  10 goblins
  13 hobgoblins
  6 kobolds
  6 quokkas
  A ball python (D:1)
  4 frilled lizards
  A leopard gecko skeleton (D:4)
  4 rats
166 creatures vanquished.

Vanquished Creatures (collateral kills)
  Gastronok (D:10)
1 creature vanquished.

Grand Total: 167 creatures vanquished

Notes
Turn   | Place    | Note
-------+----------+-------------------------------------------
     0 | D:1      | Laiders the Minotaur Berserker began the quest for the Orb.
     0 | D:1      | Reached XP level 1. HP: 19/19 MP: 0/0
    31 | D:1      | Reached skill level 4 in Axes
   242 | D:1      | Reached XP level 2. HP: 25/26 MP: 1/1
   573 | D:1      | Reached skill level 5 in Axes
   668 | D:1      | Reached XP level 3. HP: 31/31 MP: 2/2
   946 | D:2      | Reached ** piety under Trog
  1179 | D:2      | Reached skill level 6 in Axes
  1179 | D:2      | Reached XP level 4. HP: 39/39 MP: 3/3
  1850 | D:3      | Reached skill level 7 in Axes
  1850 | D:3      | Reached XP level 5. HP: 45/45 MP: 4/4
  2007 | D:3      | Found a sparkling altar of Nemelex Xobeh.
  2648 | D:4      | Found a hide-covered altar of Uskayaw.
  2781 | D:4      | Reached *** piety under Trog
  2781 | D:4      | Reached skill level 8 in Axes
  2944 | D:4      | Reached XP level 6. HP: 45/51 MP: 5/5
  3351 | D:5      | Entered Level 5 of the Dungeon
  3468 | D:5      | Reached skill level 9 in Axes
  3893 | D:5      | Found a hazy altar of Hepliaklqana.
  4043 | D:5      | Found a shadowy altar of Dithmenos.
  4043 | D:5      | Found an iron altar of Okawaru.
  4047 | D:5      | Found a stormy altar of Qazlal.
  4365 | D:6      | Noticed a hippogriff
  4374 | D:6      | Killed a hippogriff
  4374 | D:6      | Reached skill level 10 in Axes
  4374 | D:6      | Reached XP level 7. HP: 41/57 MP: 6/6
  4426 | D:6      | Found a staircase to the Ecumenical Temple.
  4559 | D:6      | Reached skill level 11 in Axes
  4802 | D:6      | Found Caxtomuw's Antique Weapon Emporium.
  4818 | D:6      | Bought a battleaxe for 143 gold pieces
  4960 | D:7      | Reached XP level 8. HP: 49/64 MP: 7/7
  5035 | D:7      | Found a shattered altar of Ashenzari.
  5053 | D:7      | Reached skill level 12 in Axes
  5182 | D:7      | Found Exynozosch's Antique Weapon Emporium.
  5623 | D:7      | Noticed a hornet
  5638 | D:7      | Killed a hornet
  5881 | D:7      | Reached skill level 13 in Axes
  6264 | D:8      | Found a deep blue altar of Sif Muna.
  6334 | D:8      | Noticed Psyche
  6334 | D:8      | Noticed a two-headed ogre
  6340 | D:8      | Killed Psyche
  6340 | D:8      | Reached skill level 14 in Axes
  6340 | D:8      | Reached XP level 9. HP: 70/70 MP: 8/8
  6341 | D:8      | Killed a two-headed ogre
  6399 | D:8      | Got an ivory falchion
  6400 | D:8      | Identified the +2 falchion of Greed {flame, rPois MR+} (You found it on level 8 of the Dungeon)
  6475 | D:8      | Found a staircase to the Lair.
  6570 | D:9      | Paralysed by a hornet for 3 turns
  6579 | D:9      | Reached skill level 5 in Fighting
  6592 | D:9      | HP: 3/74 [poisoned by a hornet]
  6598 | D:9      | HP: 2/74 [poisoned by a hornet]
  6604 | D:9      | HP: 2/74 [poisoned by a hornet]
  6851 | D:9      | Found a blossoming altar of Fedhas.
  6851 | D:9      | Noticed a troll
  6869 | D:9      | Killed a troll
  6923 | D:9      | Reached skill level 5 in Armour
  7023 | D:9      | Reached skill level 5 in Dodging
  7038 | D:9      | Reached **** piety under Trog
  7090 | D:9      | Noticed a troll
  7096 | D:9      | Killed a troll
  7286 | D:9      | Reached XP level 10. HP: 84/84 MP: 9/9
  7593 | D:10     | Entered Level 10 of the Dungeon
  7647 | D:10     | Noticed Gastronok
  7665 | D:10     | Killed Gastronok
  7838 | D:10     | Found a roughly hewn altar of Beogh.
  7838 | D:10     | Found a staircase to the Orcish Mines.
  7855 | D:10     | Slain by an orc warrior

Vault maps used:
D:1:      dpeg_arrival_rhombus
D:2:      grunt_ministairs_13
D:3:      nemelex_xobeh_ov_fountains_minmay, kennysheep_generic_room_12
D:4:      eat_drink_and_be_merry_uskayaw
D:5:      kennysheep_little_box, minitemple, first_bread
D:6:      minmay_temple_entry_statues_pillars, serial_shops, nicolae_shop_stone
D:7:      ashenzari_conservatory_becter, serial_shops, kennysheep_mini
D:8:      marbit_many_paths, dpeg_oklobed_lair, uniq_psyche
D:9:      nicolae_overflow_crystal_walls
D:10:     david_orc_5, uniq_gastronok

Skill      XL: |  1  2  3  4  5  6  7  8  9 10 |
---------------+-------------------------------+-----
Axes           | 4 5 6 7 8 10 11 14 | 14.0
Fighting       | 6 8 |  8.2
Armour         | 6 7 |  7.6
Dodging        | 5 7 |  7.0

Action                   |  1- 3 |  4- 6 |  7- 9 | 10-12 || total
-------------------------+-------+-------+-------+-------++-------
Melee: Hand axe          |    87 |   143 |       |       ||   230
       Headbutt          |    14 |    26 |    36 |     7 ||    83
       War axe           |       |       |    45 |       ||    45
       Battleaxe         |       |       |   107 |    32 ||   139
Invok: Berserk           |     1 |     3 |     6 |     2 ||    12
       Trog's Hand       |       |     3 |     5 |     2 ||    10
       Burn Spellbooks   |       |       |     1 |       ||     1
       Brothers in Arms  |       |       |       |     1 ||     1
  Use: Scroll            |       |     4 |     6 |       ||    10
       Potion            |       |       |     4 |     2 ||     6
  Eat: Chunk             |     2 |    12 |     8 |     2 ||    24
       Fruit             |       |     1 |       |     1 ||     2
       Meat ration       |       |       |     1 |       ||     1
       Bread ration      |       |       |     1 |       ||     1
Armor: Plate armour      |    36 |    52 |       |       ||    88
       Animal skin       |     2 |       |       |       ||     2
       Chain mail        |       |    39 |    95 |    14 ||   148
Dodge: Dodged            |    38 |    51 |    74 |    19 ||   182

Table legend:
 A = Spawn XP
 B = Non-spawn XP
 C = Spawn XP percentage of total XP
 D = Spawn monster count
 E = Non-spawn monster count
 F = Spawn count percentage of total count
 G = Total turns spent on level
                    A         B        C        D         E        F      G
               +---------+---------+-------+---------+---------+-------+---------
         Total |       0 |    8422 |   0.0 |       0 |     167 |   0.0 |  7855
               +---------+---------+-------+---------+---------+-------+---------
           D:1 |       0 |      57 |   0.0 |       0 |      29 |   0.0 |   935
           D:2 |       0 |      86 |   0.0 |       0 |      24 |   0.0 |   855
           D:3 |       0 |     112 |   0.0 |       0 |      14 |   0.0 |   761
           D:4 |       0 |     258 |   0.0 |       0 |      17 |   0.0 |   800
           D:5 |       0 |     179 |   0.0 |       0 |       8 |   0.0 |   994
           D:6 |       0 |     721 |   0.0 |       0 |      16 |   0.0 |   570
           D:7 |       0 |     908 |   0.0 |       0 |      13 |   0.0 |  1016
           D:8 |       0 |    1580 |   0.0 |       0 |       9 |   0.0 |   626
           D:9 |       0 |    1866 |   0.0 |       0 |      23 |   0.0 |  1036
          D:10 |       0 |    2655 |   0.0 |       0 |      14 |   0.0 |   262
               +---------+---------+-------+---------+---------+-------+---------
